 Dungeon Crawl Stone Soup version 0.25-a0-458-g6fc7858b95 (webtiles) character file.

Game seed: 16282841853753883719, levelgen mode: deterministic

84 Eurus the Magician (level 4, -2/33 HPs)
             Began as a Mummy Conjurer on Feb 1, 2020.
             Blown up by Ijyb (7 damage)
             ... with a disintegration bolt
             ... on level 3 of the Dungeon.
             The game lasted 00:07:21 (3032 turns).

Eurus the Magician (Mummy Conjurer)                 Turns: 3032, Time: 00:07:21

Health: -2/33      AC:  3    Str: 11    XL:     4   Next: 24%
Magic:  4/9        EV: 12    Int: 15    God:
Gold:   155        SH:  0    Dex: 12    Spells: 7/10 levels left

rFire    x . .     SeeInvis .   h - +0 dagger
rCold    + . .     Gourm    .   (no shield)
rNeg     + + +     Faith    .   a - +0 robe
rPois    ∞         Spirit   .   l - +0 helmet
rElec    .         Reflect  .   (no cloak)
rCorr    .         Harm     .   (no gloves)
MR       .....                  (no boots)
Stlth    ++........             (no amulet)
HPRegen  0.11/turn              (no ring)
MPRegen  0.11/turn              (no ring)

@: very slightly contaminated
A: no food or potions, fire vulnerability, cold resistance 1, negative energy
resistance 3, torment resistance, unbreathing
a: no special abilities


You were on level 3 of the Dungeon.
You were not hungry.

You visited 1 branch of the dungeon, and saw 3 of its levels.

You collected 155 gold pieces.

Inventory:

Hand Weapons
 h - a +0 dagger (weapon)
Armour
 a - a +0 robe (worn)
 c - a cursed +0 leather armour
 e - a +1 ring mail of fire resistance
 l - a +0 helmet (worn)
Jewellery
 j - a +3 ring of intelligence {unknown}
 k - a +2 amulet of reflection {unknown}
Wands
 m - a wand of iceblast (10)
Scrolls
 b - 4 scrolls of identify {unknown}
 d - a scroll of amnesia {unknown}
 f - a scroll of noise {unknown}
 g - a scroll of remove curse {unknown}
 i - 3 scrolls of magic mapping {unknown}


   Skills:
 + Level 2.1 Fighting
 - Level 1.5 Dodging
 - Level 1.5 Stealth
 + Level 3.9 Spellcasting
 + Level 3.8 Conjurations


You had 7 spell levels left.
You knew the following spells:

 Your Spells              Type           Power        Failure   Level  Hunger
a - Magic Dart            Conj           ##..         3%          1    N/A
b - Searing Ray           Conj           ##....       6%          2    N/A

Your spell library contained the following spells:

 Spells                   Type           Power        Failure   Level  Hunger
 Dazzling Flash           Conj/Hex       #.....       26%         3    N/A
 Fulminant Prism          Conj/Hex       #.........   63%         4    N/A
 Iskenderun's Mystic Bla  Conj/Tloc      #.......     63%         4    N/A

Dungeon Overview and Level Annotations

Branches:
Dungeon (3/15)

Altars:
Elyvilon

Annotations:
D:2 1 exclusion
D:3 Ijyb


Innate Abilities, Weirdness & Mutations

You do not eat or drink.
Your flesh is vulnerable to fire.
You are immune to poison.
Your flesh is cold resistant. (rC+)
You are immune to negative energy. (rN+++)
You are immune to unholy pain and torment.
You can survive without breathing.


Message History

You closely miss Ijyb.
Ijyb is moderately wounded.
Ijyb hits you.
You closely miss Ijyb.
Ijyb is moderately wounded.
Ijyb closely misses you.
You closely miss Ijyb.
Ijyb is moderately wounded.
Ijyb hits you.
You barely miss Ijyb.
Ijyb is moderately wounded.
Ijyb barely misses you.
You hit Ijyb but do no damage.
Ijyb is moderately wounded.
Ijyb zaps a wand.
You are blasted!
Ouch! That really hurt!
* * * LOW HITPOINT WARNING * * *
Ijyb zaps a wand.
You struggle to resist.
Ijyb zaps a wand.
You are blasted!
You die...

##########
#.........
#####
#.########
#...######
#.#
#.#......#
#.#
#...####.#
#.# ##.##
#.######.#
#######.#
#..†@..g.#
#.......#
#######..#
#.#######
#..# #.#
#..# #.#
#..# #.#
#..# #.#
#..# #.#
#..# #.#


You could see Ijyb.

Vanquished Creatures
  Robin (D:2)
  A worm (D:2)
  3 dart slugs
  4 leopard geckos
  4 giant cockroaches
  14 goblins
  6 hobgoblins
  2 jackals (D:3)
  3 kobolds
  A ball python (D:2)
  3 bats
  6 frilled lizards
  9 rats
57 creatures vanquished.

Notes
Turn   | Place    | Note
-------+----------+-------------------------------------------
     0 | D:1      | Eurus the Mummy Conjurer began the quest for the Orb.
     0 | D:1      | Reached XP level 1. HP: 13/13 MP: 4/4
   414 | D:1      | Reached XP level 2. HP: 7/20 MP: 3/6
   424 | D:1      | Learned a level 2 spell: Searing Ray
   678 | D:1      | You fall into a shaft and drop 1 floor!
   698 | D:2      | Reached skill level 1 in Fighting
  1315 | D:2      | Reached XP level 3. HP: 26/26 MP: 2/7
  1821 | D:2      | Found a white marble altar of Elyvilon.
  2306 | D:3      | Noticed Robin
  2569 | D:3      | Reached XP level 4. HP: 30/33 MP: 2/9
  2662 | D:2      | Killed Robin
  3011 | D:3      | Noticed Ijyb
  3032 | D:3      | Blown up by Ijyb

Levels and vault maps discovered:
D:1:      minmay_arrival_five_plusses, layout_basic, hangedman_decor_growths,
          nrook_mini_vaults
D:2:      layout_loops_cross, first_ration, minmay_misc_feat_columns,
          elyvilon_altar_3, uniq_crazy_yiuf_cottage
D:3:      layout_loops_ring, vehumet_crystals, kennysheep_generic_room_5,
          uniq_grinder, uniq_robin, uniq_jessica, uniq_ijyb

Skill      XL: |  1  2  3  4 |
---------------+-------------+-----
Spellcasting   | 3 |  3.9
Fighting       | 1 2 |  2.1
Dodging        | |  1.5
Stealth        | |  1.5
Conjurations   | |  3.8

Action                   |  1- 3 |  4- 6 || total
-------------------------+-------+-------++-------
Melee: Unarmed           |    12 |       ||    12
       Dagger            |    25 |     8 ||    33
       Club              |     4 |       ||     4
 Cast: Magic Dart        |    97 |    10 ||   107
       Searing Ray       |     1 |     3 ||     4
 Stab: Sleeping          |     1 |       ||     1
Armor: Robe              |     3 |     1 ||     4
Dodge: Dodged            |    28 |    11 ||    39

Table legend:
 A = Non-vault XP
 B = Vault XP
 C = Vault XP percentage of total XP
 D = Non-vault monster count
 E = Vault monster count
 F = Vault count percentage of total count
                 A         B        C        D         E       F
            +---------+---------+-------+---------+---------+-------
      Total |      85 |      36 |  29.8 |      46 |      11 |  19.3
            +---------+---------+-------+---------+---------+-------
        D:1 |      21 |       0 |   0.0 |      15 |       0 |   0.0
        D:2 |      50 |      18 |  26.5 |      25 |       2 |   7.4
        D:3 |      14 |      18 |  56.2 |       6 |       9 |  60.0
            +---------+---------+-------+---------+---------+-------
